 Dungeon Crawl Stone Soup version 0.26-a0-1035-g76280ab330 (webtiles) character file.

Game seed: 1425066553670287554

10 Dracia the Sneak (level 2, -1/24 HPs)
             Began as a Merfolk Delver on Dec 10, 2020.
             Slain by a leopard gecko (2 damage)
             ... on level 2 of the Dungeon.
             The game lasted 00:01:14 (243 turns).

Dracia the Sneak (Merfolk Delver)                    Turns: 243, Time: 00:01:14

Health: -1/24      AC:  4    Str: 12    XL:     2   Next: 20%
Magic:  2/2        EV: 12    Int:  9    God:
Gold:   25         SH:  0    Dex: 15    Spells: 1/1 levels left

rFire    . . .     SeeInvis .   a - +0 spear
rCold    . . .     Faith    .   (no shield)
rNeg     . . .     Spirit   .   b - +0 leather armour
rPois    .         Reflect  .   (no helmet)
rElec    .         Harm     .   (no cloak)
rCorr    .         Rampage  .   h - +0 pair of gloves
Will     .....                  (no boots)
Stlth    +++.......             (no amulet)
HPRegen  0.08/turn              (no ring)
MPRegen  0.08/turn              (no ring)

@: no status effects
A: change form in water, swift swim, stealthy swim
a: no special abilities


You were on level 2 of the Dungeon.
You visited 1 branch of the dungeon, and saw 4 of its levels.

You collected 25 gold pieces.


   Skills:
 - Level 3.2 Fighting
 + Level 4.2 Polearms
 - Level 2.6 Dodging
 - Level 5.4 Stealth


You had one spell level left.
You didn't know any spells.
Your spell library was empty.

Inventory:

Hand Weapons
 a - a +0 spear (weapon)
Armour
 b - a +0 leather armour (worn)
 e - a +1 helmet
 h - a +0 pair of gloves (worn)
Wands
 g - a wand of digging (3)
Scrolls
 c - a scroll of fog
 d - a scroll of magic mapping
Potions
 f - a potion of haste {@q3@q3}

Dungeon Overview and Level Annotations

Branches:
Dungeon (5/15)
 Temple: D:4-7

Altars:

#.# #.#
#.# #.#
#.# #.#
#.# #@#
#l#
######g#
#ggg.g?#
#.######
#.# #.#
#.# #g#


You could see a gnoll, a leopard gecko and a hobgoblin.


Message History

* * * LOW HITPOINT WARNING * * *
The leopard gecko bites you.
* * * LOW HITPOINT WARNING * * *
The leopard gecko barely misses you.
A bat comes into view.
Found a scroll labelled IPSUXUPAEL.
The leopard gecko misses you. The leopard gecko barely misses you.
The bat hits you but does no damage. The bat barely misses you.
You hit the bat but do no damage. The bat barely misses you.
The bat closely misses you. The leopard gecko closely misses you.
The bat barely misses you.
You closely miss the bat. The bat misses you. The leopard gecko misses you.
The bat barely misses you.
The leopard gecko bites you but does no damage.
You see here a scroll labelled IPSUXUPAEL.
You hit the bat.
The bat is severely wounded.
The bat hits you.
* * * LOW HITPOINT WARNING * * *
The bat closely misses you. The leopard gecko barely misses you.
You hit the bat.
You kill the bat!
The leopard gecko bites you.
* * * LOW HITPOINT WARNING * * *
The leopard gecko bites you.
* * * LOW HITPOINT WARNING * * *
The leopard gecko hisses menacingly.
The leopard gecko bites you.
You die...

Skill      XL: |  1 |
---------------+----+-----
Polearms       | 4 |  4.2
Fighting       | |  3.2
Dodging        | |  2.6
Stealth        | |  5.4

Action                   || total
-------------------------++-------
Melee: Spear             ||    23
  Use: Potion            ||     2
       Scroll            ||     1
Armor: Leather armour    ||    11
Dodge: Dodged            ||    49

Levels and vault maps discovered:
D:2:      layout_loops_ring, uniq_crazy_yiuf_cottage, uniq_terence
D:3:      layout_loops_ring, uniq_ijyb
D:4:      layout_rooms
D:5:      layout_basic, old_standard_altar, nicolae_ru_the_path_less_chosen

Notes
Turn   | Place    | Note
-------+----------+-------------------------------------------
     0 | D:5      | Dracia the Merfolk Delver began the quest for the Orb.
     0 | D:5      | Reached XP level 1. HP: 18/18 MP: 1/1
    46 | D:5      | Noticed an ice beast
    60 | D:4      | Noticed a hound
   195 | D:2      | Reached skill level 4 in Polearms
   195 | D:2      | Reached XP level 2. HP: 11/24 MP: 2/2
   240 | D:2      | HP: 2/24 [leopard gecko (4)]
   243 | D:2      | Slain by a leopard gecko

Vanquished Creatures
  An adder (D:2)
  A bat (D:2)
  A frilled lizard (D:2)
3 creatures vanquished.

Table legend: (Time is in decaauts)
 A = Elapsed time spent in this place.
 B = Non-inter-level travel time spent in this place.
 C = Inter-level travel time spent in this place.
 D = Time resting spent in this place.
 E = Time spent auto-exploring this place.
 F = Levels seen in this place.
 G = Mean time per level.
                   A        B        C        D        E       F      G
               +--------+--------+--------+--------+--------+-----+--------+
         Total |    235 |    235 |      0 |     36 |     34 |   4 |   58.8 |
       Dungeon |    235 |    235 |      0 |     36 |     34 |   4 |   58.8 |
               +--------+--------+--------+--------+--------+-----+--------+

Top non-repeatable levels by time:
     D:2: 138 daAuts
     D:5: 60 daAuts
     D:3: 27 daAuts
     D:4: 9 daAuts

Table legend:
 A = Non-vault XP
 B = Vault XP
 C = Vault XP percentage of total XP
 D = Non-vault monster count
 E = Vault monster count
 F = Vault count percentage of total count
                 A         B        C        D         E       F
            +---------+---------+-------+---------+---------+-------
      Total |      15 |       0 |   0.0 |       3 |       0 |   0.0
            +---------+---------+-------+---------+---------+-------
        D:2 |      15 |       0 |   0.0 |       3 |       0 |   0.0
            +---------+---------+-------+---------+---------+-------
